 Dungeon Crawl Stone Soup version 0.29-a0-275-g389c0b56f3 (webtiles) character file.

Game seed: 8598912429647855849

54 Murumi the Skirmisher (level 3, -1/40 HPs)
             Began as an Ogre Fighter on Mar 9, 2022.
             Was a Believer of Jiyva.
             Slain by an orc
             ... wielding a +0 whip
              (2 damage)
             ... on level 2 of the Dungeon.
             The game lasted 00:05:22 (1155 turns).

Murumi the Skirmisher (Ogre Fighter)                Turns: 1155, Time: 00:05:22

Health: -1/40      AC:  3    Str: 20    XL:     3   Next: 91%
Magic:  3/3        EV:  8    Int: 11    God:    Jiyva [**....]
Gold:   42         SH:  7    Dex:  8    Spells: 2/2 levels left

rFire   . . .      SeeInvis .   f - +0 whip
rCold   . . .      Faith    .   c - +0 kite shield
rNeg    . . .      Spirit   .   b - +0 robe
rPois   .          Reflect  .   (helmet restricted)
rElec   .          Harm     .   (no cloak)
rCorr   +          Rampage  .   (gloves unavailable)
Will    .....                   (boots unavailable)
Stlth   +.........              (no amulet)
HPRegen 1.09/turn               (no ring)
MPRegen 0.38/turn               (no ring)

@: no status effects
A: large, unfitting armour, tough skin 1
a: Renounce Religion


You were on level 2 of the Dungeon.
You worshipped Jiyva.
Jiyva was pleased with you.
You visited 1 branch of the dungeon, and saw 2 of its levels.

You collected 74 gold pieces.
You spent 32 gold pieces at shops.

Inventory:

Hand Weapons
 a - a +0 flail
 f - a +0 whip (weapon)
Armour
 b - a +0 robe (worn)
 c - a +0 kite shield (worn)
Scrolls
 e - a scroll of vulnerability {unknown}
 g - a scroll of silence {unknown}
Potions
 d - a potion of might


   Skills:
 + Level 4.7 Fighting
 - Level 2.0 Maces & Flails
 - Level 1.0 Armour
 - Level 3.0 Dodging
 - Level 1.0 Stealth
 - Level 3.0 Shields


You had 2 spell levels left.
You didn't know any spells.
Your spell library contained the following spells:

 Spells                   Type           Power      Damage    Failure   Level
 Beastly Appendage        Tmut           0%         N/A       63%         1
 Wereblood                Tmut           0%         N/A       77%         2
 Spider Form              Tmut/Pois      0%         N/A       94%         3


Dungeon Overview and Level Annotations

Branches:
Dungeon (2/15)

Altars:
Jiyva

Shops:
D:1 (


Innate Abilities, Weirdness & Mutations

You are too large for most types of armour.
You have tough skin. (AC +1)


Message History

The orc is severely wounded.
The orc hits you but does no damage. The orc barely misses you.
The orc hits you with a +0 whip.
You hit the orc.
You kill the orc!
You block the orc's attack. The orc hits you with a +0 whip.
You are too injured to fight recklessly!
You are too injured to fight recklessly!
You barely miss the orc. The orc hits you with a +0 club.
The goblin hits you with a +0 club. The orc hits you with a +0 whip.
* * * LOW HITPOINT WARNING * * *
You hit the orc.
The orc is moderately wounded.
You block the orc's attack. x2; You block the goblin's attack.
You barely miss the orc.
The orc is moderately wounded.
The goblin hits you but does no damage. The orc hits you with a +0 club.
* * * LOW HITPOINT WARNING * * *
The orc hits you with a +0 whip.
* * * LOW HITPOINT WARNING * * *
You hit the orc.
The orc is almost dead.
The goblin hits you but does no damage. The orc hits you with a +0 club.
* * * LOW HITPOINT WARNING * * *
The orc hits you with a +0 whip.
* * * LOW HITPOINT WARNING * * *
You closely miss the orc.
The orc is almost dead.
The orc hits you with a +0 club.
* * * LOW HITPOINT WARNING * * *
You block the goblin's attack. You block the orc's attack.
You closely miss the orc.
The orc is almost dead.
You block the orc's attack. You block the goblin's attack.
The orc hits you with a +0 whip.
* * * LOW HITPOINT WARNING * * *
Okay, then.
The goblin attacks as you move away! The goblin barely misses you.
The orc attacks as you move away! The orc hits you with a +0 whip.
You die...

............#....## ...
............#....# ...
#...#......#....## ....
#...#......#†..... .....
#........###......
.....##........##.......
..............##†......
#.go.....†.##.......
#.o@...#....#.......
.>....#....#............
#..........#.......#....
#.......................
#.......................
#.......................
#.......................
....#........###.......
..... #.......


You could see 2 orcs and a goblin.

Vanquished Creatures
  2 adders (D:2)
  2 dart slugs
  3 orcs (D:2)
  2 bats
  An endoplasm (D:1)
  3 giant cockroaches
  3 goblins
  5 hobgoblins
  3 kobolds (D:1)
  3 rats
27 creatures vanquished.

Vanquished Creatures (others)
  A dart slug (D:1)
  An endoplasm (D:2)
  A giant cockroach (D:1)
  2 goblins (D:1)
  3 bats (D:1)
  A frilled lizard (D:1)
  A kobold (D:1)
10 creatures vanquished.

Grand Total: 37 creatures vanquished

Notes
Turn   | Place    | Note
-------+----------+-------------------------------------------
     0 | D:1      | Murumi the Ogre Fighter began the quest for the Orb.
     0 | D:1      | Reached XP level 1. HP: 24/24 MP: 1/1
    37 | D:1      | Reached XP level 2. HP: 16/32 MP: 2/2
   302 | D:1      | Found Xetiant's Weapon Shop.
   321 | D:1      | Bought a +0 whip for 32 gold pieces
   357 | D:1      | Found a faded altar of an unknown god.
   368 | D:1      | Prayed at the altar of an unknown god.
   368 | D:1      | Became a worshipper of Jiyva Joachera the Shapeless
   368 | D:1      | Reached * piety under Jiyva
   988 | D:2      | Reached skill level 1 in Armour
   998 | D:2      | Reached XP level 3. HP: 36/39 MP: 3/3
  1052 | D:2      | Reached ** piety under Jiyva
  1071 | D:2      | Reached skill level 1 in Stealth
  1154 | D:2      | HP: 1/40 [orc/+0 whip (4)]
  1155 | D:2      | Slain by an orc

Illustrated notes

Levels and vault maps discovered:
D:1:      erik_arrival_orb_chamber, layout_loops_ring,
          shapermc_ecumenical_altar_petra, serial_shops,
          nicolae_shop_bloodbath_and_beyond
D:2:      layout_basic, basic_altar

Skill      XL: |  1  2  3 |
---------------+----------+-----
Maces & Flails | 2 |  2.0
Dodging        | 3 |  3.0
Shields        | 3 |  3.0
Armour         | 1 |  1.0
Stealth        | 1 |  1.0
Fighting       | |  4.7

Action                   || total
-------------------------++-------
Melee: Flail             ||    28
       Whip              ||   106
Armor: Robe              ||    41
Dodge: Dodged            ||    65
Block: Kite shield       ||    68

Table legend: (Time is in decaauts)
 A = Elapsed time spent in this place.
 B = Non-inter-level travel time spent in this place.
 C = Inter-level travel time spent in this place.
 D = Time resting spent in this place.
 E = Time spent auto-exploring this place.
 F = Levels seen in this place.
 G = Mean time per level.
                   A        B        C        D        E       F      G
               +--------+--------+--------+--------+--------+-----+--------+
         Total |   1181 |   1100 |     81 |      0 |    823 |   2 |  590.5 |
       Dungeon |   1181 |   1100 |     81 |      0 |    823 |   2 |  590.5 |
               +--------+--------+--------+--------+--------+-----+--------+

Top non-repeatable levels by time:
     D:1: 977 daAuts
     D:2: 204 daAuts
